 Dungeon Crawl Stone Soup version 0.27.0-1-g7a089689b8 (webtiles) character file.

Game seed: 3034480107340900207

15610 Lochraine the Fighter (level 12, -4/94 HPs)
             Began as a Demonspawn Venom Mage on Aug 12, 2021.
             Was a Priest of Ru.
             Slain by a nine-headed hydra (15 damage)
             ... on level 1 of the Lair of Beasts.
             The game lasted 00:43:17 (15331 turns).

Lochraine the Fighter (Demonspawn Venom Mage)      Turns: 15331, Time: 00:43:18

Health: -4/94      AC:  7    Str:  9    XL:     12   Next: 2%
Magic:  20/21      EV: 15    Int: 26    God:    Ru [***...]
Gold:   407        SH: 11    Dex: 15    Spells: 9/24 levels left

rFire    . . .     SeeInvis .   u - +1 whip (pain)
rCold    . . .     Faith    .   h - +2 buckler
rNeg     . . .     Spirit   .   s - +0 troll leather armour
rPois    .         Reflect  .   e - +0 helmet
rElec    .         Harm     .   j - +0 cloak
rCorr    .         Rampage  .   (gloves unavailable)
Will     .....                  (no boots)
Stlth    ++........             C - amulet of the acrobat
HPRegen  1.25/turn              c - ring of wizardry
MPRegen  0.17/turn              o - +6 ring of intelligence

@: about to teleport, very slightly contaminated, invisible
A: claws 3, spiny 1, inability to use devices, no earth magic, no hexes magic,
no translocations magic, sharp scales 1, condensation shield
a: Renounce Religion, Draw Out Power


You were on level 1 of the Lair of Beasts.
You worshipped Ru.
Ru was most pleased with you.
You visited 2 branches of the dungeon, and saw 12 of its levels.
You also visited: Ossuary.

You collected 564 gold pieces.
You spent 157 gold pieces at shops.

Inventory:

Hand Weapons
 l - a +0 short sword
   (You took it off a kobold on level 1 of the Dungeon)
 n - a +0 vampiric mace {!w}
   (You found it on level 2 of the Dungeon)
 t - a +0 hand axe of electrocution
   (You took it off an orc on level 6 of the Dungeon)
 u - a +1 whip of pain (weapon)
   (You took it off an orc on level 5 of the Dungeon)
 D - the +6 hand axe of Might {vorpal, rC- rN+ Str+9 Int+2}
   (You found it on level 7 of the Dungeon)

   It inflicts extra damage upon your enemies.
   Str:       It affects your strength (+9).
   Int:       It affects your intelligence (+2).
   rC:        It makes you vulnerable to cold.
   rN:        It protects you from negative energy.
Missiles
 b - 32 poisoned darts
 G - 7 atropa-tipped darts
Armour
 a - a +0 robe
 e - a +0 helmet (worn)
   (You found it on level 1 of the Dungeon)
 f - a +1 leather armour of poison resistance
   (You took it off Eustachio on level 5 of the Dungeon)
 h - a +2 buckler (worn)
   (You bought it in a shop on level 8 of the Dungeon)
 j - a +0 cloak (worn)
   (You found it on level 8 of the Dungeon)
 s - a +0 troll leather armour (worn)
   (You found it on level 10 of the Dungeon)
 y - a +0 pair of gloves of strength
   (You found it on level 6 of the Dungeon)
Jewellery
 c - a ring of wizardry (left claw)
   (You found it on level 1 of the Dungeon)
 o - a +6 ring of intelligence (right claw)
   (You found it on level 3 of the Dungeon)
 C - an amulet of the acrobat (around neck)
   (You found it on level 7 of the Dungeon)
 J - a ring of willpower
   (You found it on level 10 of the Dungeon)
 K - a ring of fire
   (You found it on level 1 of the Lair of Beasts)
Scrolls
 k - 2 scrolls of fear {unknown}
 p - 3 scrolls of teleportation {@r4}
 x - 2 scrolls of amnesia {unknown}
 B - a scroll of silence {unknown}
 E - a scroll of brand weapon
 L - a scroll of fog {unknown}
Potions
 d - 2 potions of mutation {unknown}
 g - a potion of heal wounds {unknown}
 i - 6 potions of curing {@q1}
 m - 3 potions of brilliance {unknown}
 q - 2 potions of flight
 r - a potion of lignification {unknown}
 v - 2 potions of degeneration {!q}
 w - 2 potions of ambrosia {unknown}
 A - a potion of magic
 F - a potion of cancellation {unknown}
 H - a potion of resistance {unknown}
 I - 2 potions of haste {unknown}


   Skills:
 + Level 8.7 Fighting
 + Level 6.8 Axes
 + Level 8.3 Dodging
 - Level 1.7 Stealth
 - Level 4.0 Shields
 + Level 6.5 Spellcasting
 - Level 4.0 Conjurations
 - Level 4.2 Necromancy
 - Level 4.3 Transmutations
 - Level 3.5 Air Magic
 - Level 7.1 Poison Magic


You had 9 spell levels left.
You knew the following spells:

 Your Spells              Type           Power      Damage    Failure   Level
a - Sting                 Tmut/Pois      100%       1d8       1%          1
b - Poisonous Vapours     Pois/Air       72%        N/A       1%          2
c - Olgreb's Toxic Radia  Pois           45%        N/A       1%          4
d - Mephitic Cloud        Conj/Pois/Air  33%        N/A       1%          3
e - Wereblood             Tmut           31%        N/A       1%          2
s - Swiftness             Air            27%        N/A       2%          3

Your spell library contained the following spells:

 Spells                   Type           Power      Damage    Failure   Level
 Shock                    Conj/Air       100%       1d9       1%          1
 Sublimation of Blood     Necr           15%        N/A       1%          2
 Airstrike                Air            13%        N/A       9%          4
 Agony                    Necr           30%        N/A       17%         5
 Blade Hands              Tmut           15%        N/A       17%         5
 Excruciating Wounds      Necr           15%        N/A       17%         5
 Summon Hydra             Summ           4%         N/A       100%        7
 Dazzling Flash           Conj/Hex       Unusable   N/A       N/A         3
 Portal Projectile        Hex/Tloc       Unusable   N/A       N/A         3
 Silence                  Hex/Air        Unusable   N/A       N/A         5

Dungeon Overview and Level Annotations

Branches:
Dungeon (11/15)            Temple (0/1) D:6            Lair (1/6) D:10
Ossuary (visited)
    Orc: D:9-12

Altars:
Gozag
Makhleb
Nemelex Xobeh
Okawaru
Ru
Uskayaw

Shops:
D:7 *   D:8 *

Annotations:
D:2 Sigmund, Terence
D:4 2 transporters, barakagiga's ghost, amateur TrMo
D:9 3 runed translucent doors, Domino's ghost, novice MiBe
Lair:1 exclusion: 3 oklob plants


Innate Abilities, Weirdness & Mutations

You have claws for hands.
You are partially covered in sharp spines.
You cannot study or use magical devices.
You cannot study or cast Earth magic.
You cannot study or cast Hexes magic.
You cannot study or cast Translocations magic.
You are partially covered in razor-sharp scales. (AC +1, Slay +1)
A meltable shield of frost defends you. (SH +4)


Message History

You whack the nine-headed hydra!
The nine-headed hydra writhes in agony.
The nine-headed hydra is struck by your spines.
The nine-headed hydra bites you!
The nine-headed hydra bites you but does no damage.
You block the nine-headed hydra's attack.
The nine-headed hydra barely misses you.
You block the nine-headed hydra's attack.
The nine-headed hydra barely misses you.
The nine-headed hydra bites you! The nine-headed hydra bites you.
The nine-headed hydra misses you.
You hit the nine-headed hydra.
The nine-headed hydra writhes in agony.
The nine-headed hydra is stunned by your conviction and fails to attack.
You barely miss the nine-headed hydra.
The nine-headed hydra bites you but does no damage.
The nine-headed hydra bites you.
The nine-headed hydra bites you but does no damage.
The nine-headed hydra bites you!
You block the nine-headed hydra's attack.
The nine-headed hydra bites you!
* * * LOW HITPOINT WARNING * * *
The nine-headed hydra bites you.
* * * LOW HITPOINT WARNING * * *
The nine-headed hydra bites you.
* * * LOW HITPOINT WARNING * * *
The nine-headed hydra closely misses you.
The water moccasin hisses angrily.
You hit the nine-headed hydra.
The nine-headed hydra writhes in agony.
You block the nine-headed hydra's attack.
The nine-headed hydra bites you.
* * * LOW HITPOINT WARNING * * *
The nine-headed hydra bites you.
* * * LOW HITPOINT WARNING * * *
The nine-headed hydra bites you!
* * * LOW HITPOINT WARNING * * *
The nine-headed hydra barely misses you.
You block the nine-headed hydra's attack.
The nine-headed hydra misses you. The nine-headed hydra bites you.
* * * LOW HITPOINT WARNING * * *
The nine-headed hydra closely misses you.
As you read the scroll labelled NOOTZU QUXT, it crumbles to dust.
You feel strangely unstable.
It was a scroll of teleportation.
You block the nine-headed hydra's attack.
The nine-headed hydra bites you but does no damage.
You block the nine-headed hydra's attack.
The nine-headed hydra bites you.
* * * LOW HITPOINT WARNING * * *
The nine-headed hydra bites you!
* * * LOW HITPOINT WARNING * * *
The nine-headed hydra bites you!
You die...

#...#.#.. .. .P.. # #.......
##....... #..... . .....P.#
#...# .. # #.#..#.# .# #...#
...#. #.#.#..# .#
....#...#.....##.S....# ..#.
#...#...#..........#..# .....
#...P...#........D.##.##....
#.#...#.........@#.#....>#.#
......#..........#.#P......#
#.#.......#.#....#....# ..
#...#..............##.# #...
....#.....#.#....#.#..##.....
..#.......#..†##.#.##D.......
#.............##......#P.....
#.#.P.....#....#.#.#..##.....
#.#.#.....#††.##.#.#P.# .....


You could see a nine-headed hydra and a water moccasin (wandering).

Vanquished Creatures
  2 two-headed ogres
  Pikel (D:5)
  Maurice (D:8)
  A black mamba (Lair:1)
  A cane toad (Lair:1)
  An unseen horror (D:8)
  A komodo dragon (Lair:1)
  2 trolls (D:10)
  Prince Ribbit (D:8)
  A slime creature (D:10)
  A blink frog (Lair:1)
  32 yaks
  Eustachio (D:5)
  2 steam dragons
  An acid dragon (D:9)
  A hornet zombie (D:7)
  11 water moccasins
  An orc warrior (D:10)
  2 sky beasts
  5 black bears
  2 necrophages
  2 ice beasts
  An ogre (D:6)
  9 wolves (Lair:1)
  A lemure (D:5)
  7 centaurs
  A phantom (D:5)
  A kobold brigand (D:9)
  3 bullfrogs
  3 scorpions
  A wyvern zombie (D:6)
  2 gnoll sergeants
  5 killer bees (D:9)
  10 wights
  A vampire bat (D:3)
  4 howler monkeys
  2 centaur zombies
  2 bullfrog zombies
  2 hounds
  4 orc priests
  6 jellies
  2 bullfrog skeletons (D:6)
  A centaur skeleton (D:4)
  6 orc wizards
  A killer bee zombie (D:7)
  9 gnolls
  2 adders
  A shadow imp (D:7)
  4 worms
  3 fire bats (D:3)
  28 orcs
  2 spectral bats (D:3)
  6 ball pythons
  3 bat skeletons (D:3)
  A bat zombie (D:3)
  19 endoplasms
  4 giant cockroaches
  3 goblins
  9 hobgoblins
  11 kobolds
  2 quokkas (D:1)
  13 bats
  A bat simulacrum (D:3)
  5 frilled lizards
  A goblin zombie (Ossuary)
  4 hobgoblin zombies (Ossuary)
  2 jackal zombies (Ossuary)
  8 kobold zombies (Ossuary)
  9 orc zombies (Ossuary)
  5 rats
303 creatures vanquished.

Vanquished Creatures (others)
  A komodo dragon (Lair:1)
  A centaur (D:10)
  55 fungi
  41 plants
98 creatures vanquished.

Grand Total: 401 creatures vanquished

Notes
Turn   | Place    | Note
-------+----------+-------------------------------------------
     0 | D:1      | Lochraine the Demonspawn Venom Mage began the quest for the
                  | Orb.
     0 | D:1      | Reached XP level 1. HP: 13/13 MP: 3/3
    92 | D:1      | Reached skill level 1 in Transmutations
   616 | D:1      | Gained mutation: You have sharp fingernails. [demonic
                  | ancestry]
   616 | D:1      | Reached XP level 2. HP: 19/19 MP: 3/5
  1125 | D:1      | Learned a level 2 spell: Poisonous Vapours
  1451 | D:2      | Noticed Sigmund
  1455 | D:2      | Noticed Terence
  1616 | D:2      | Gained mutation: You are partially covered in razor-sharp
                  | scales. (AC +1, Slay +1) [demonic ancestry]
  1616 | D:2      | Reached XP level 3. HP: 15/24 MP: 1/6
  2367 | D:3      | Learned a level 3 spell: Mephitic Cloud
  2742 | D:3      | Reached XP level 4. HP: 25/30 MP: 8/8
  2960 | D:3      | Reached skill level 1 in Conjurations
  3039 | D:3      | Reached skill level 1 in Air Magic
  3039 | D:3      | Gained mutation: You are partially covered in sharp spines.
                  | [demonic ancestry]
  3039 | D:3      | Reached XP level 5. HP: 8/34 MP: 6/9
  3787 | D:4      | Reached XP level 6. HP: 38/41 MP: 7/11
  4082 | D:4      | Found a transporter.
  4082 | D:4      | Noticed barakagiga's ghost (amateur TrMo)
  4163 | D:4      | Found a transporter.
  4310 | D:4      | Found a sand-covered staircase.
  4317 | Ossuary  | Entered an ossuary
  5098 | D:4      | Learned a level 4 spell: Olgreb's Toxic Radiance
  5124 | D:5      | Entered Level 5 of the Dungeon
  5239 | D:5      | Found an iron altar of Okawaru.
  5240 | D:5      | Found an opulent altar of Gozag.
  5240 | D:5      | Found a sacrificial altar of Ru.
  5244 | D:5      | Found a burning altar of Makhleb.
  5244 | D:5      | Found a hide-covered altar of Uskayaw.
  5435 | D:5      | Found a sparkling altar of Nemelex Xobeh.
  5451 | D:5      | Became a worshipper of Ru the Awakened
  5478 | D:5      | Noticed Eustachio
  5592 | D:5      | Reached XP level 7. HP: 20/46 MP: 5/12
  5903 | D:5      | Reached skill level 1 in Necromancy
  6494 | D:5      | Noticed Pikel
  6658 | D:5      | Killed Pikel
  6659 | D:5      | Reached skill level 5 in Poison Magic
  6659 | D:5      | Gained mutation: You have very sharp fingernails. [demonic
                  | ancestry]
  6659 | D:5      | Reached XP level 8. HP: 22/52 MP: 6/14
  7239 | D:5      | Killed Eustachio
  7547 | D:6      | Found a staircase to the Ecumenical Temple.
  7636 | D:6      | Reached skill level 1 in Fighting
  7636 | D:6      | Reached skill level 5 in Spellcasting
  7852 | D:6      | Gained mutation: A meltable shield of frost defends you.
                  | (SH +4) [demonic ancestry]
  7852 | D:6      | Reached XP level 9. HP: 61/61 MP: 14/16
  8217 | D:6      | Gained mutation: You cannot study or cast Earth magic. [Ru
                  | sacrifice]
  8217 | D:6      | Gained mutation: You cannot study or cast Hexes magic. [Ru
                  | sacrifice]
  8217 | D:6      | Gained mutation: You cannot study or cast Translocations
                  | magic. [Ru sacrifice]
  8217 | D:6      | Reached * piety under Ru
  8782 | D:7      | Noticed a two-headed ogre
  8814 | D:7      | Killed a two-headed ogre
  9154 | D:7      | Identified the +6 hand axe of Might {vorpal, rC- rN+ Str+9
                  | Int+2}
  9250 | D:7      | Found Hioluun's Lightly-Used Armoury.
 10101 | D:8      | Found Luifuokk's Assorted Antiques.
 10173 | D:8      | Bought a glowing buckler for 157 gold pieces
 10293 | D:8      | Noticed Prince Ribbit
 10308 | D:8      | Killed Prince Ribbit
 10380 | D:8      | Reached skill level 1 in Axes
 10525 | D:8      | Reached skill level 1 in Shields
 10525 | D:8      | Reached XP level 10. HP: 73/73 MP: 19/19
 10927 | D:8      | Noticed Maurice
 11030 | D:7      | Reached skill level 5 in Dodging
 11383 | D:8      | Killed Maurice
 11384 | D:8      | Reached skill level 5 in Fighting
 12148 | D:9      | Noticed a two-headed ogre
 12173 | D:9      | Killed a two-headed ogre
 12356 | D:9      | Gained mutation: You cannot study or use magical devices.
                  | [Ru sacrifice]
 12356 | D:9      | Reached ** piety under Ru
 12356 | D:9      | Reached *** piety under Ru
 12591 | D:9      | Found a runed translucent gate.
 12591 | D:9      | Found a runed translucent gate.
 12591 | D:9      | Found a runed translucent gate.
 12595 | D:9      | Noticed Domino's ghost (novice MiBe)
 13261 | D:10     | Entered Level 10 of the Dungeon
 13270 | D:10     | Learned a level 2 spell: Wereblood
 13439 | D:10     | Found a staircase to the Lair.
 13578 | D:10     | Gained mutation: You have claws for hands. [demonic
                  | ancestry]
 13578 | D:10     | Reached XP level 11. HP: 75/83 MP: 11/20
 14257 | D:10     | Reached skill level 5 in Axes
 14758 | Lair:1   | Entered Level 1 of the Lair of Beasts
 14758 | Lair:1   | Noticed an oklob plant
 14758 | Lair:1   | Noticed an oklob plant
 14758 | Lair:1   | Noticed an oklob plant
 15125 | Lair:1   | Learned a level 3 spell: Swiftness
 15251 | Lair:1   | Reached XP level 12. HP: 94/94 MP: 14/21
 15301 | Lair:1   | Noticed an eight-headed hydra
 15331 | Lair:1   | Slain by a nine-headed hydra

Illustrated notes

Levels and vault maps discovered:
D:1:      minmay_arrival_four_circles, layout_rooms, hex_medium,
          minmay_misc_feat_plants, chequers_serial_rivers_micro_c
D:2:      layout_basic, uniq_terence, uniq_sigmund
D:3:      layout_basic, goddamned_bats
D:4:      layout_loops_ring, chequers_ossuary_entry_cave,
          gammafunk_ghost_stat_death, minmay_misc_feat_doors,
          hangedman_abyss_or_decor_passed, abandoned_shop
D:5:      layout_cave_pods, grunt_temple_overflow_open,
          cheibrodos_sewer_entry_drain, uniq_eustachio, uniq_pikel
D:6:      layout_basic, minmay_temple_entry_hall, minivault_24
D:7:      layout_loops_ring, roderic_serpentine_path, minmay_shop_damaged
D:8:      layout_loops_ring, serial_shops, nicolae_stop_n_shop_1,
          serial_co_window_serial, co_window_paths_a, co_window_paths_a,
          co_window_of_opportunity_a, co_window_paths_a, co_window_paths_b,
          co_window_unsneaky_path_d, co_window_2corner, co_window_cross_2,
          co_window_broadway_b, co_window_2corner, co_window_paths_d,
          uniq_prince_ribbit1, uniq_maurice
D:9:      layout_basic, ebering_ghost_rock_garden
D:10:     lemuel_slime, layout_basic, due_lair_maze_entry_diamond,
          grunt_ministairs_9
D:11:     layout_irregular_city, gauntlet_entry_generic, uniq_nergalle
Lair:1:   layout_long_grid, beast_lair_carwin_3, minmay_lair_oklob_chamber

Skill      XL: |  1  2  3  4  5  6  7  8  9 10 11 |
---------------+----------------------------------+-----
Transmutations | 1 2 3 4 |  4.3
Spellcasting   | 3 4 5 6 |  6.5
Conjurations   | 1 2 3 4 |  4.0
Air Magic      | 1 2 3 |  3.5
Poison Magic   | 4 5 7 |  7.1
Necromancy     | 2 4 |  4.2
Fighting       | 1 4 6 8 |  8.7
Dodging        | 2 4 6 8 |  8.3
Axes           | 1 4 6 |  6.8
Shields        | 1 4 |  4.0
Stealth        | |  1.7

Action                   |  1- 3 |  4- 6 |  7- 9 | 10-12 || total
-------------------------+-------+-------+-------+-------++-------
Melee: Unarmed           |    13 |       |       |       ||    13
       Short sword       |    48 |       |       |       ||    48
       Mace              |    27 |   120 |     9 |       ||   156
       Hand axe          |       |       |   106 |   318 ||   424
       Whip              |       |       |     9 |     4 ||    13
Throw: Dart              |       |       |       |     3 ||     3
 Cast: Sting             |    36 |    69 |    42 |    17 ||   164
       Poisonous Vapours |    23 |    10 |    16 |     3 ||    52
       Olgreb's Toxic Ra |       |       |     5 |    27 ||    32
       Mephitic Cloud    |       |       |     1 |     3 ||     4
       Wereblood         |       |       |       |     6 ||     6
Invok: Sacrifice Arcana  |       |       |     1 |       ||     1
       Sacrifice Artific |       |       |       |     1 ||     1
       Draw Out Power    |       |       |       |     1 ||     1
       Reject Sacrifices |       |       |       |     1 ||     1
  Use: Scroll            |       |     3 |     7 |     1 ||    11
       Potion            |       |       |     4 |     1 ||     5
 Stab: Sleeping          |     2 |       |     1 |     1 ||     4
       Confused          |       |       |       |     2 ||     2
       Invisible         |       |       |       |     2 ||     2
       Distracted        |       |       |       |     1 ||     1
Armor: Robe              |    25 |    91 |     8 |       ||   124
       Leather armour    |       |       |    51 |    24 ||    75
       Troll leather arm |       |       |       |    28 ||    28
Dodge: Dodged            |    64 |   190 |    86 |   178 ||   518
Block: Other             |       |       |    10 |       ||    10
       Buckler           |       |       |     1 |   199 ||   200
